 Dungeon Crawl Stone Soup version 0.30-a0-170-g85af917532 (webtiles) character file.

Game seed: 12105705685452906425

1782 qw the Cleaver (level 9, -1/55 HPs)
             Began as a Gargoyle Fighter on Sept 30, 2022.
             Was an Initiate of Okawaru.
             Slain by an ogre
             ... wielding a +0 giant spiked club
              (7 damage)
             ... on level 6 of the Dungeon.
             The game lasted 00:02:08 (6121 turns).

qw the Cleaver (Gargoyle Fighter)                   Turns: 6121, Time: 00:02:08

Health: -1/55      AC: 21    Str: 30    XL:     9   Next: 8%
Magic:  9/9        EV:  7    Int:  9    God:    Okawaru [......]
Gold:   189        SH:  4    Dex:  9    Spells: 8/8 levels left

rFire   . . .      SeeInvis .    Y - +1 war axe
rCold   . . .      Faith    .    c - +0 buckler
rNeg    + + .      Spirit   .    n - +0 plate armour
rPois   inf        Reflect  .    (no helmet)
rElec   +          Harm     .    (no cloak)
rCorr   .          Rampage  .    k - +1 Delatra's gloves {ID++}
Will    .....      Clarity  +    b - +0 pair of boots
Stlth   ..........               (no amulet)
HPRegen 0.18/turn                e - +6 ring of strength
MPRegen 0.11/turn                p - ring of positive energy

@: about to teleport
A: sickness immunity, AC +6, negative energy resistance 1, electricity
resistance, torment resistance 1, petrification resistance, clarity
a: Renounce Religion


You were on level 6 of the Dungeon.
You worshipped Okawaru.
Okawaru was noncommittal.
You visited 1 branch of the dungeon, and saw 6 of its levels.

You collected 189 gold pieces.


Innate Abilities, Weirdness & Mutations

You are immune to sickness and miasma.
Your stone body is resilient. (AC +6)
You are immune to poison.
You resist negative energy. (rN+)
You are resistant to electric shocks. (rElec)
You are resistant to unholy torment.
You are immune to petrification.
You possess an exceptional clarity of mind.


   Skills:
 - Level 6.1 Fighting
 - Level 8.9 Axes
 + Level 4.7 Armour
 - Level 2.0 Dodging
 - Level 3.2 Shields


You had 8 spell levels left.
You didn't know any spells.
Your spell library was empty.

Inventory:

Hand Weapons
 m - a +0 hand axe of flaming
 Y - a +1 war axe (weapon)
Armour
 b - a +0 pair of boots (worn)
 c - a +0 buckler (worn)
 k - the +1 Delatra's gloves (worn) {ID++}
   (You found it on level 2 of the Dungeon)

   It heals its wearer when they drink unknown potions.
   It restores its wearer's MP when they read unknown scrolls.
 n - a +0 plate armour (worn)
Jewellery
 e - a +6 ring of strength (left hand)
 p - a ring of positive energy (right hand)
Scrolls
 f - 4 scrolls of identify
 h - 2 scrolls of teleportation
Potions
 d - 2 potions of might
 g - a potion of resistance
 j - a potion of attraction
 l - 5 potions of mutation
 o - a potion of cancellation
 q - a potion of curing

Dungeon Overview and Level Annotations

Branches:
Dungeon (6/15)
 Temple: D:4-7

Altars:
Dithmenos
Hepliaklqana
Okawaru
Uskayaw

Shops:
D:1 (


Message History

The steam dragon bites you but does no damage.
The steam dragon claws you but does no damage.
You barely miss the steam dragon.
The steam dragon is heavily wounded.
You hit the orc. The orc hits you but does no damage.
The steam dragon breathes steam at you. The ball of steam misses you.
You slash the orc!
You kill the orc!
Okawaru accepts your kill.
You slash the steam dragon!
You are engulfed in a cloud of scalding steam.
A steam dragon comes into view.
The steam dragon bites you but does no damage.
The steam dragon barely misses you.
You closely miss the steam dragon.
The steam dragon is severely wounded.
You hit the ogre. You slash the steam dragon!
The ogre hits you with a +0 giant spiked club!!
You block the steam dragon's attack.
The steam dragon claws you but does no damage.
The steam dragon bites you. The steam dragon claws you.
6119 ||| READING 3 scrolls of teleportation.
As you read the scroll of teleportation, it crumbles to dust.
You feel strangely unstable. The steam dragon bites you.
The steam dragon barely misses you. x2
The steam dragon claws you but does no damage.
You slash the steam dragon!
You kill the steam dragon!
Okawaru accepts your kill.
You slash the ogre! You hit the steam dragon. The ogre barely misses you.
You block the steam dragon's attack. The steam dragon barely misses you.
Your Armour skill increases to level 4!
You slash the steam dragon!
The steam dragon is almost dead.
You hit the ogre.
The ogre hits you with a +0 giant spiked club!
You die...

.#. .#.#<[.##.#.#
[#.####.#.#.#.......
.......#.#.####.#.#
#........#)####.#.#
#..# #.........)..#
#..# #.7.77777.7..#
#..###.7.......7..#
#D.O...7.7...7.7...
#...#@#.#.7.7._.7.7.##
## #.#.#.7.7...7.7.#
#.#...7.......7.#
#.###.7.77777.7.# #.#
#........... #.#
###....###### #.#
###..# #.# #.# .#


You could see a steam dragon and an ogre.

Vanquished Creatures
  Pikel (D:5)
  Sigmund (D:5)
  A steam dragon (D:6)
  An ice beast (D:5)
  An orc warrior (D:6)
  An ogre (D:5)
  3 lemures (D:5)
  A phantom (D:4)
  A bullfrog (D:6)
  A scorpion (D:4)
  A necrophage (D:4)
  A jelly (D:5)
  An orc priest (D:6)
  A hound (D:6)
  Terence (D:3)
  An iguana (D:5)
  3 orc wizards
  14 adders
  A white imp (D:5)
  An ufetubus (D:5)
  2 worms (D:5)
  5 dart slugs
  22 orcs
  3 bats
  4 endoplasms (D:1)
  2 giant cockroaches
  7 goblins
  5 hobgoblins (D:4)
  3 jackals (D:1)
  4 quokkas
  10 ball pythons
  8 frilled lizards
  10 kobolds
  3 rats
125 creatures vanquished.

Vanquished Creatures (others)
  3 plants (D:6)
3 creatures vanquished.

Grand Total: 128 creatures vanquished

Notes
Turn   | Place    | Note
-------+----------+-------------------------------------------
     0 | D:1      | qw the Gargoyle Fighter began the quest for the Orb.
     0 | D:1      | Reached XP level 1. HP: 14/14 MP: 1/1
     0 | D:1      | 0 ||| qw: Version: 0.2-a-12-gaebbb33
     0 | D:1      | 0 ||| qw: Game counter: 1652
     0 | D:1      | 0 ||| qw: Always use a shield: true
     0 | D:1      | 0 ||| qw: God list: Okawaru
     0 | D:1      | 0 ||| qw: Allow faded altars: false
     0 | D:1      | 0 ||| qw: Do Orc after D:15 true
     0 | D:1      | 0 ||| qw: Do second Lair branch before Depths: true
     0 | D:1      | 0 ||| qw: Lair rune preference: random
     0 | D:1      | 0 ||| qw: Plans: Normal, Zot:1-4, God:TSO, Crypt, Tomb,
                  | Pan, Slime:5, Hells, Abyss, Orb
     0 | D:1      | 0 ||| PLANNING D:1-11
    42 | D:1      | 42 ||| Stepping ~*~*~tactically~*~*~ (stealth).
    50 | D:1      | Reached skill level 2 in Axes
   346 | D:1      | Reached XP level 2. HP: 19/19 MP: 2/2
   447 | D:1      | HP: 4/19 [endoplasm (3)]
   497 | D:1      | 497 ||| Stepping ~*~*~tactically~*~*~ (stealth).
   503 | D:1      | HP: 4/19 [frozen (3)]
   863 | D:1      | Reached skill level 3 in Axes
   946 | D:1      | Found a faded altar of an unknown god.
   959 | D:1      | Found Gucumm's Antique Weapon Emporium.
   972 | D:1      | Reached XP level 3. HP: 20/23 MP: 3/3
   974 | D:1      | 974 ||| Stepping ~*~*~tactically~*~*~ (hiding).
  1045 | D:1      | 1045 ||| SHOPLISTING club (25 gold, have 5).
  1045 | D:1      | 1045 ||| SHOPLISTING runed morningstar (175 gold, have 5).
  1444 | D:1      | 1444 ||| UPGRADING to +2 ring mail of willpower.
  1454 | D:1      | 1454 ||| DROPPING +0 scale mail.
  1455 | D:1      | 1455 ||| DROPPING ring of magical power.
  1456 | D:1      | 1456 ||| READING scroll labelled CEIR EN WEJ.
  1457 | D:1      | 1457 ||| READING 5 scrolls labelled YTA ARIMIROCE.
  1458 | D:1      | 1458 ||| READING scroll labelled ATE KEATAITTE.
  1459 | D:1      | 1459 ||| READING scroll labelled RAOLIES DYPY.
  1460 | D:1      | 1460 ||| READING scroll labelled DESOIN DUELOWU.
  1461 | D:1      | 1461 ||| READING scroll labelled QYHA YJOCVURY.
  1465 | D:1      | 1465 ||| DRINKING 3 cyan potions.
  1465 | D:1      | Gained mutation: You possess an exceptional clarity of
                  | mind. [potion of mutation]
  1466 | D:1      | 1466 ||| READING 4 scrolls of identify.
  1466 | D:1      | 1466 ||| IDENTIFYING smoky grey potion
  1467 | D:1      | 1467 ||| READING 3 scrolls of identify.
  1467 | D:1      | 1467 ||| IDENTIFYING glowing yellow potion
  1468 | D:1      | 1468 ||| READING 2 scrolls of identify.
  1468 | D:1      | 1468 ||| IDENTIFYING bubbling red potion
  1469 | D:1      | 1469 ||| DROPPING potion of degeneration.
  1470 | D:1      | 1470 ||| DROPPING potion of magic.
  1471 | D:1      | 1471 ||| DROPPING potion of brilliance.
  1789 | D:2      | Reached XP level 4. HP: 28/28 MP: 4/4
  1841 | D:2      | 1841 ||| Stepping ~*~*~tactically~*~*~ (stealth).
  1846 | D:2      | Reached skill level 4 in Axes
  1939 | D:2      | 1939 ||| DROPPING +0 club.
  2045 | D:2      | Found the +1 Delatra's gloves {ID++}
  2051 | D:2      | Reached XP level 5. HP: 20/32 MP: 5/5
  2195 | D:2      | 2195 ||| DROPPING +0 whip.
  2355 | D:2      | 2355 ||| Stepping ~*~*~tactically~*~*~ (stealth).
  2363 | D:2      | 2363 ||| Stepping ~*~*~tactically~*~*~ (stealth).
  2364 | D:2      | 2364 ||| Stepping ~*~*~tactically~*~*~ (stealth).
  2365 | D:2      | 2365 ||| Stepping ~*~*~tactically~*~*~ (stealth).
  2366 | D:2      | 2366 ||| Stepping ~*~*~tactically~*~*~ (stealth).
  2605 | D:2      | 2605 ||| UPGRADING to +1 Delatra's gloves {ID++}.
  2610 | D:2      | 2610 ||| UPGRADING to +6 ring of strength.
  2611 | D:2      | 2611 ||| READING scroll labelled ATIPRY YSIAXZY.
  2612 | D:2      | 2612 ||| READING scroll labelled IRCHYM DEHARPH.
  2613 | D:2      | 2613 ||| DRINKING 2 silvery potions.
  2614 | D:2      | 2614 ||| READING 3 scrolls of identify.
  2614 | D:2      | 2614 ||| IDENTIFYING metallic black potion
  2615 | D:2      | 2615 ||| READING 2 scrolls of identify.
  2615 | D:2      | 2615 ||| IDENTIFYING yellow potion
  2616 | D:2      | 2616 ||| DROPPING potion of berserk rage.
  2617 | D:2      | 2617 ||| DROPPING potion of flight.
  2781 | D:3      | Noticed Terence
  2800 | D:3      | Killed Terence
  3124 | D:3      | Reached skill level 5 in Axes
  3156 | D:3      | Found a shadowy altar of Dithmenos.
  3295 | D:3      | Found a hazy altar of Hepliaklqana.
  3468 | D:3      | 3468 ||| UPGRADING to +3 ring mail of fire resistance.
  3478 | D:3      | 3478 ||| UPGRADING to +0 pair of boots.
  3517 | D:4      | 3517 ||| STAIRDANCE
  3567 | D:4      | 3567 ||| Stepping ~*~*~tactically~*~*~ (stealth).
  3569 | D:4      | 3569 ||| Stepping ~*~*~tactically~*~*~ (stealth).
  3571 | D:4      | 3571 ||| Stepping ~*~*~tactically~*~*~ (stealth).
  3585 | D:4      | Reached XP level 6. HP: 33/37 MP: 6/6
  3587 | D:4      | 3587 ||| FLEEEEING.
  3588 | D:4      | 3588 ||| FLEEEEING.
  3632 | D:4      | 3632 ||| Stepping ~*~*~tactically~*~*~ (stealth).
  3742 | D:4      | 3742 ||| Stepping ~*~*~tactically~*~*~ (hiding).
  4003 | D:4      | Reached XP level 7. HP: 43/43 MP: 7/7
  4296 | D:4      | 4296 ||| READING scroll labelled VAEDAY JASTAA.
  4297 | D:4      | 4297 ||| READING scroll labelled NARUEKK ANANG.
  4298 | D:4      | 4298 ||| READING 7 scrolls of identify.
  4298 | D:4      | 4298 ||| IDENTIFYING golden potion
  4321 | D:5      | Entered Level 5 of the Dungeon
  4388 | D:5      | 4388 ||| Stepping ~*~*~tactically~*~*~ (stealth).
  4449 | D:5      | Reached skill level 6 in Axes
  4485 | D:5      | Noticed Sigmund
  4489 | D:5      | 4489 ||| FLEEEEING.
  4490 | D:5      | 4490 ||| FLEEEEING.
  4491 | D:5      | 4491 ||| FLEEEEING.
  4498 | D:5      | 4498 ||| FLEEEEING.
  4501 | D:5      | 4501 ||| FLEEEEING.
  4506 | D:5      | 4506 ||| FLEEEEING.
  4511 | D:5      | 4511 ||| FLEEEEING.
  4516 | D:5      | 4516 ||| FLEEEEING.
  4517 | D:5      | 4517 ||| FLEEEEING.
  4518 | D:5      | 4518 ||| FLEEEEING.
  4519 | D:5      | 4519 ||| FLEEEEING.
  4520 | D:5      | 4520 ||| FLEEEEING.
  4521 | D:5      | 4521 ||| FLEEEEING.
  4522 | D:5      | 4522 ||| FLEEEEING.
  4524 | D:5      | 4524 ||| FLEEEEING.
  4525 | D:5      | 4525 ||| STAIRDANCE
  4638 | D:5      | 4638 ||| STAIRDANCE
  4656 | D:5      | Killed Sigmund
  4657 | D:5      | Reached skill level 7 in Axes
  4750 | D:5      | Found a hide-covered altar of Uskayaw.
  4751 | D:5      | Noticed Pikel
  4751 | D:5      | 4751 ||| Stepping ~*~*~tactically~*~*~ (stealth).
  4811 | D:5      | 4811 ||| FLEEEEING.
  4812 | D:5      | 4812 ||| FLEEEEING.
  4813 | D:5      | 4813 ||| FLEEEEING.
  4814 | D:5      | 4814 ||| FLEEEEING.
  4820 | D:5      | 4820 ||| STAIRDANCE
  4908 | D:4      | 4908 ||| FLEEEEING.
  4909 | D:4      | 4909 ||| FLEEEEING.
  4910 | D:4      | 4910 ||| FLEEEEING.
  4942 | D:4      | 4942 ||| READING scroll labelled MUURCH JIPLUO.
  4943 | D:4      | 4943 ||| READING scroll labelled BARPHO BU EWE.
  5049 | D:5      | Reached XP level 8. HP: 22/49 MP: 8/8
  5275 | D:5      | 5275 ||| Stepping ~*~*~tactically~*~*~ (stealth).
  5292 | D:5      | Killed Pikel
  5293 | D:5      | Reached skill level 8 in Axes
  5432 | D:5      | 5432 ||| Stepping ~*~*~tactically~*~*~ (stealth).
  5681 | D:5      | 5681 ||| UPGRADING to ring of positive energy.
  5682 | D:5      | 5682 ||| READING scroll labelled HEALLEXZAA.
  5783 | D:5      | 5783 ||| READING 6 scrolls of identify.
  5783 | D:5      | 5783 ||| IDENTIFYING coppery potion
  5784 | D:5      | 5784 ||| READING 5 scrolls of identify.
  5784 | D:5      | 5784 ||| IDENTIFYING inky potion
  5785 | D:5      | 5785 ||| DROPPING potion of ambrosia.
  5814 | D:6      | Reached skill level 6 in Fighting
  5874 | D:6      | 5874 ||| FLEEEEING.
  5875 | D:6      | 5875 ||| STAIRDANCE
  5941 | D:6      | 5941 ||| FLEEEEING.
  5945 | D:6      | 5945 ||| STAIRDANCE
  6047 | D:5      | 6047 ||| DROPPING +2 ring mail of willpower.
  6048 | D:5      | 6048 ||| UPGRADING to +0 plate armour.
  6058 | D:5      | 6058 ||| DROPPING +3 ring mail of fire resistance.
  6074 | D:6      | Found an iron altar of Okawaru.
  6075 | D:6      | 6075 ||| PLANNING OKAWARU WORSHIP
  6085 | D:6      | Reached XP level 9. HP: 55/55 MP: 9/9
  6090 | D:6      | Became a worshipper of Warmaster Okawaru
  6091 | D:6      | 6091 ||| PLANNING D:1-11
  6101 | D:6      | 6101 ||| Stepping ~*~*~tactically~*~*~ (stealth).
  6118 | D:6      | HP: 10/55 [steam dragon (4)]
  6119 | D:6      | 6119 ||| READING 3 scrolls of teleportation.
  6121 | D:6      | Slain by an ogre

Levels and vault maps discovered:
D:1:      erik_arrival_cave_to_civilisation [erik_arrival_cave_to_hall],
          layout_basic, serial_shops, nicolae_shop_trees,
          shapermc_ecumenical_altar_mp_highgroup, minmay_heptomino_w4
D:2:      layout_basic, kennysheep_crisscross, grunt_ministairs_1,
          pf_guarded_unrand_delatra
D:3:      layout_loops_ring, grunt_dithmenos_smoke,
          nicolae_hepliaklqana_hippocampus, uniq_terence
D:4:      layout_basic, minmay_misc_feat_four_crosses,
          minmay_goblin_kobold_house
D:5:      layout_loops_ring, nicolae_uskayaw_suspiria, uniq_sigmund, uniq_pikel
D:6:      cheibrodos_steamvent, layout_basic, mainiacjoe_overflow_cross_hatched,
          chequers_temple_overflow_statue_of_worship, led_sif_pool,
          minmay_temple_entry_statues_pillars, serial_shops,
          nicolae_shop_overgrown_old_shop

Skill      XL: |  1  2  3  4  5  6  7  8  9 |
---------------+----------------------------+-----
Axes           | 2 3 4 5 7 8 |  8.9
Dodging        | 2 |  2.0
Fighting       | 4 5 6 |  6.1
Armour         | 4 |  4.7
Shields        | |  3.2

Action                   |  1- 3 |  4- 6 |  7- 9 || total
-------------------------+-------+-------+-------++-------
Melee: War axe           |    78 |   153 |   182 ||   413
Throw: Boomerang         |    23 |    32 |     4 ||    59
  Use: Scroll            |     9 |     4 |     9 ||    22
       Potion            |     1 |     1 |       ||     2
Armor: Scale mail        |    36 |       |       ||    36
       Ring mail         |    15 |    82 |    79 ||   176
       Plate armour      |       |       |    23 ||    23
Dodge: Dodged            |    45 |    67 |    94 ||   206
Block: Buckler           |    22 |    22 |    24 ||    68

Table legend:
 A = Non-vault XP
 B = Vault XP
 C = Vault XP percentage of total XP
 D = Non-vault monster count
 E = Vault monster count
 F = Vault count percentage of total count
                 A         B        C        D         E       F
            +---------+---------+-------+---------+---------+-------
      Total |    1343 |    1203 |  47.3 |      96 |      26 |  21.3
            +---------+---------+-------+---------+---------+-------
        D:1 |      28 |      16 |  36.4 |      15 |      10 |  40.0
        D:2 |      93 |      43 |  31.6 |      19 |       5 |  20.8
        D:3 |      33 |      38 |  53.5 |       7 |       1 |  12.5
        D:4 |     391 |      14 |   3.5 |      26 |       7 |  21.2
        D:5 |     477 |     902 |  65.4 |      19 |       2 |   9.5
        D:6 |     321 |     190 |  37.2 |      10 |       1 |   9.1
            +---------+---------+-------+---------+---------+-------
